 Dungeon Crawl Stone Soup version bcrawl-1.29.2 (console) character file.

Game seed: 11799147120715591412

334601 GodsVoicemail the Archer (level 11, -3/90 HPs)
             Began as a Centaur Hunter on Feb 24, 2021.
             Was a Believer of Lugonu.
             Slain by a polar bear (20 damage)
             ... in an ice cave.
             The game lasted 01:22:05 (11967 turns).

GodsVoicemail the Archer (Centaur Hunter)          Turns: 11967, Time: 01:22:05

Health: -3/90      AC: 14    Str: 17    XL:     11   Next: 52%
Magic:  3/17       EV:  8    Int: 11    God:    Lugonu [**....]
Gold:   589        SH:  0    Dex: 13    Spells: 8/18 levels left

rFire    + . .     SeeInvis .   a - +3 shortbow
rCold    + + .     Gourm    .   (shield currently unavailable)
rNeg     . . .     Faith    .   v - +2 ring mail {rC+}
rPois    .         Spirit   .   h - +2 helmet
rElec    .         Reflect  .   (no cloak)
rCorr    .         Harm     .   (no gloves)
MR       .....                  (no barding)
Stlth    ..........             (no amulet)
HPRegen  0.25/turn              o - ring of protection from cold
MPRegen  0.15/turn              D - +3 ring of protection

@: very quick
A: large, hooves 3, deformed body, fire resistance 1, herbivore, speed 2, robust
1, shaggy fur 1, tough skin 3
a: Depart the Abyss, Bend Space, Banish, Renounce Religion


You were in an ice cave.
You worshipped Lugonu.
Lugonu was pleased with you.
You were very hungry.

You visited 2 branches of the dungeon, and saw 9 of its levels.
You also visited: Ice Cave and Volcano.

You collected 589 gold pieces.

Inventory:

Hand Weapons
 a - a +3 shortbow (weapon)
 q - a +0 short sword
Missiles
 d - 687 arrows (quivered)
 j - 2112 stones
 t - 133 javelins
 w - 27 curare-tipped needles
 x - 262 poisoned needles
Armour
 c - a +0 leather armour
 h - a +2 helmet (worn)
 v - a +2 ring mail of cold resistance (worn)
 A - a +1 helmet
 I - a +1 robe of fire resistance
Magical Staves
 C - an uncursed staff of cold {unknown}
Jewellery
 n - the ring "Qonoas" {Fire MR+}
   (You found it on level 2 of the Dungeon)

   [ring of fire]

   It enhances your fire magic.
   It protects you from fire.
   It makes you vulnerable to cold.
   It affects your resistance to hostile enchantments.
 o - a ring of protection from cold (left hand)
 D - a +3 ring of protection (right hand)
 E - an uncursed ring of positive energy
 G - an uncursed ring of protection from magic
Wands
 g - a wand of polymorph (18)
 l - a wand of random effects (11)
Scrolls
 b - 3 scrolls of magic mapping
 f - 4 scrolls of fear {unknown}
 i - 9 scrolls of identify
 k - a scroll of torment {unknown}
 m - 4 scrolls of amnesia
 p - 2 scrolls of teleportation
 s - a scroll of enchant weapon
 u - 3 scrolls of blinking {unknown}
 y - 3 scrolls of remove curse {unknown}
 B - a scroll of fog {unknown}
Potions
 r - a potion of brilliance
 z - 2 potions of mutation
Comestibles
 e - 12 rations {!d}


   Skills:
 + Level 3.2 Fighting
 * Level 14.5 Bows
 - Level 3.0 Throwing
 - Level 1.3 Dodging
 - Level 0.5 Stealth
 * Level 10.9 Unarmed Combat
 * Level 4.0 Spellcasting
 + Level 1.9 Hexes
 - Level 3.5 Charms
 - Level 2.0 Necromancy
 - Level 1.5 Transmutations
 + Level 3.3 Fire Magic
 + Level 1.9 Air Magic
 - Level 4.0 Invocations


You had 8 spell levels left.
You knew the following spells:

 Your Spells              Type           Power        Failure   Level  Hunger
a - Passwall              Tmut/Erth      #.......     43%         2    None
b - Flaming Arrows        Chrm/Fire      #.......     16%         2    None
c - Animate Skeleton      Necr           N/A          19%         1    None
d - Inner Flame           Hex/Fire       N/A          41%         3    ###....
e - Swiftness             Chrm/Air       #.......     22%         2    None

Your spell library contained the following spells:

 Spells                   Type           Power        Failure   Level  Hunger
 Pain                     Necr           #.....       19%         1    None
 Corona                   Hex            #......      21%         1    None
 Flame Tongue             Conj/Fire      #....        22%         1    None
 Beastly Appendage        Tmut           #.....       24%         1    None
 Shock                    Conj/Air       #....        28%         1    None
 Sticks to Snakes         Tmut           #.......     34%         2    None
 Magic Dart               Conj           #...         41%         1    None
 Ensorcelled Hibernation  Hex/Ice        #.....       41%         2    None
 Static Discharge         Air            #.......     50%         3    ###....
 Vampiric Draining        Necr           #.........   50%         3    ###....
 Confuse                  Hex            #.......     52%         3    ###....
 Tukima's Dance           Hex            #.......     52%         3    ###....
 Searing Ray              Conj           #.......     54%         2    None
 Conjure Flame            Conj/Fire      #.......     54%         3    ###....
 Dazzling Orbs            Conj/Hex       #......      65%         3    ###....
 Spider Form              Tmut/Pois      #..          67%         3    ###....
 Iskenderun's Mystic Bla  Conj           #.......     78%         3    ###....
 Agony                    Necr           #.......     88%         4    #####..
 Airstrike                Air            #.........   88%         4    #####..
 Animate Dead             Necr           N/A          88%         4    #####..
 Cause Fear               Hex            #.........   89%         4    #####..
 Sticky Flame             Conj/Fire      #.......     91%         4    #####..
 Yara's Violent Unravell  Hex/Tmut       #.........   91%         4    #####..
 Fulminant Prism          Conj/Hex       #.........   96%         4    #####..
 Ice Form                 Ice/Tmut       #.......     97%         4    #####..
 Petrify                  Tmut/Erth      #.........   97%         4    #####..
 Dispel Undead            Necr           #.......     99%         5    ######.
 Fireball                 Conj/Fire      #.........   99%         5    ######.
 Blade Hands              Tmut           #.........   100%        5    ######.
 Irradiate                Conj/Tmut      #.........   100%        5    ######.
 Lightning Bolt           Conj/Air       #.........   100%        5    ######.
 Metabolic Englaciation   Hex/Ice        #.........   100%        5    ######.
 Mana Rupture             Conj/Hex       #.........   100%        7    #######


Dungeon Overview and Level Annotations

Branches:
Dungeon (7/12)             Temple (0/1) D:7            Lair (2/6) D:7
  Swamp: Lair:2-4    Shoals: Lair:2-4     Snake: Lair:2-4    Spider: Lair:2-4

Altars:
Cheibriados
Elyvilon
Kikubaaqudgha
Lugonu
Nemelex Xobeh
Okawaru
Qazlal
Xom

Shops:
D:5 %

Annotations:
D:4 1 runed translucent door, yrara's ghost, amateur DsFi
D:5 exclusion: downstairs
D:6 Edmund


Innate Abilities, Weirdness & Mutations

You have hooves in place of feet.
Armour fits poorly on your strangely shaped body.
You are a herbivore.
You cover ground very quickly.
You have extremely tough skin. (AC +3)
Your flesh is heat resistant. (rF+)
You are robust. (+10% HP)
You are covered in fur. (AC +1)


Message History

Aim: a polar bear (almost dead, berserk, fast, unusually strong)
You shoot an arrow. The arrow barely misses the polar bear.
The polar bear bites you but does no damage.
The polar bear claws you. The polar bear barely misses you.
Firing (i - inventory. (/) - cycle)
d - 689 arrows (quivered)
Press: ? - help, Shift-Dir - straight line, f/p - polar bear
Aim: a polar bear (almost dead, berserk, fast, unusually strong)
You are feeling very hungry.
You shoot an arrow. The arrow hits the polar bear.
The polar bear is almost dead.
The polar bear bites you!!
* * * LOW HITPOINT WARNING * * *
The polar bear barely misses you. x2
Firing (i - inventory. (/) - cycle)
d - 688 arrows (quivered)
Press: ? - help, Shift-Dir - straight line, f/p - polar bear
Aim: a polar bear (almost dead, berserk, fast, unusually strong)
You shoot an arrow. The arrow hits the polar bear.
The polar bear is almost dead.
The polar bear bites you!!
You die...

#..#..##
#.###..#
##.###.##
#..##..#
#h###.##
#h###.#
#.##..#
##.##h##
##.###@#
#..##..#
#.###.##
##.# #..# #
#.h# #..###
..# ##.##
##...##
...h#####..#
##.∩..#
.......#..##
#.†..##
#.h....##
#.∩..#


You could see a polar bear (berserk).

Vanquished Creatures
  2 hydras
  Pikel (D:3)
  A cyclops (D:7)
  2 deep elf magi (Volcano)
  A toenail golem (Lair:2)
  3 cane toads (Lair:1)
  A rime drake (Lair:2)
  2 komodo dragons (Lair:1)
  A polar bear (IceCv)
  3 hippogriffs
  A yak (IceCv)
  4 hogs (D:7)
  A human (D:7)
  2 crocodiles
  An orc warrior (D:7)
  A water moccasin (Lair:1)
  5 porcupines
  3 ice beasts
  4 black bears (D:7)
  A sky beast (D:7)
  8 ogres
  8 wolves
  A centaur (D:5)
  10 bullfrogs
  A gnoll sergeant (D:4)
  2 scorpions
  A howler monkey (D:6)
  A crimson imp (D:4)
  A bullfrog zombie (D:6)
  A centaur skeleton (D:7)
  2 hounds
  An orc priest (D:7)
  3 bullfrog skeletons
  A jelly (D:7)
  8 orc wizards
  Ijyb (D:4)
  An iguana (D:7)
  8 worker ants
  A killer bee zombie (D:7)
  7 gnolls
  A howler monkey skeleton (D:4)
  7 adders
  A shadow imp (D:5)
  An ooze (D:4)
  An adder zombie (D:5)
  2 adder skeletons
  A dart slug (D:2)
  5 leopard geckos
  19 orcs
  A giant cockroach (D:2)
  9 hobgoblins
  13 jackals
  6 kobolds
  3 quokkas
  5 bats
  4 frilled lizards
  5 goblins
  5 rats
196 creatures vanquished.

Vanquished Creatures (others)
  A rime drake (Lair:2)
  A slave (D:4)
  Robin (D:4)
  A gnoll (D:4)
  5 goblins (D:4)
  2 hobgoblins (D:4)
  55 fungi
  22 plants
88 creatures vanquished.

Grand Total: 284 creatures vanquished

Notes
Turn   | Place    | Note
-------+----------+-------------------------------------------
     0 | D:1      | GodsVoicemail the Centaur Hunter began the quest for the
                  | Orb.
     0 | D:1      | Reached XP level 1. HP: 17/17 MP: 1/1
   124 | D:1      | Reached skill level 1 in Unarmed Combat
   196 | D:1      | Reached XP level 2. HP: 22/24 MP: 2/2
   638 | D:2      | Found a sparkling altar of Nemelex Xobeh.
   666 | D:2      | Reached skill level 6 in Bows
   747 | D:2      | Reached XP level 3. HP: 26/29 MP: 3/3
   914 | D:2      | Got a sparkling golden ring
  1040 | D:2      | Identified the ring "Qonoas" {Fire MR+} (You found it on
                  | level 2 of the Dungeon)
  1634 | D:3      | Reached XP level 4. HP: 36/36 MP: 4/4
  1647 | D:3      | Learned a level 2 spell: Passwall
  2067 | D:3      | Found an ancient bone altar of Kikubaaqudgha.
  2260 | D:4      | Noticed an ogre
  2325 | D:4      | Noticed Pikel
  2325 | D:4      | Noticed a slave
  2325 | D:4      | Noticed a slave
  2325 | D:4      | Noticed a slave
  2467 | D:4      | Killed an ogre
  2468 | D:4      | Reached skill level 7 in Bows
  2468 | D:4      | Reached skill level 1 in Transmutations
  2468 | D:4      | Reached XP level 5. HP: 41/41 MP: 5/5
  2681 | D:4      | Noticed a slave
  2705 | D:3      | Gained mutation: Your flesh is heat resistant. (rF+)
                  | [potion of mutation]
  2705 | D:3      | Gained mutation: You are covered in fur. (AC +1) [potion of
                  | mutation]
  2705 | D:3      | Gained mutation: You are robust. (+10% HP) [potion of
                  | mutation]
  2710 | D:3      | Killed Pikel
  2711 | D:3      | Reached skill level 9 in Bows
  2711 | D:3      | Reached skill level 5 in Unarmed Combat
  2711 | D:3      | Reached XP level 6. HP: 22/52 MP: 6/6
  2711 | D:3      | Reached XP level 7. HP: 25/60 MP: 7/7
  3077 | D:4      | Killed Robin
  3354 | D:4      | Noticed Ijyb
  3373 | D:4      | Killed Ijyb
  3517 | D:4      | Found a runed translucent door.
  3518 | D:4      | Noticed yrara's ghost (amateur DsFi)
  4010 | D:5      | Entered Level 5 of the Dungeon
  4011 | D:5      | Found Wuegaew's Food Shop.
  4030 | D:5      | Found a white marble altar of Elyvilon.
  4047 | D:5      | Reached skill level 10 in Bows
  4047 | D:5      | Reached XP level 8. HP: 55/67 MP: 8/8
  4181 | D:5      | Found a stormy altar of Qazlal.
  4766 | D:6      | Reached skill level 11 in Bows
  4804 | D:6      | Noticed a troll
  4917 | D:6      | Noticed Edmund
  6149 | D:6      | Noticed a troll
  6541 | D:7      | Found a shimmering altar of Xom.
  6577 | D:7      | Found a staircase to the Ecumenical Temple.
  6614 | D:7      | Noticed a cyclops
  6662 | D:7      | Reached XP level 9. HP: 74/74 MP: 9/9
  6763 | D:7      | Reached skill level 12 in Bows
  6926 | D:7      | Found a corrupted altar of Lugonu.
  6934 | D:7      | Became a worshipper of Lugonu the Unformed
  7002 | D:7      | Learned a level 2 spell: Flaming Arrows
  7066 | D:7      | Found a snail-covered altar of Cheibriados.
  7142 | D:7      | Reached skill level 1 in Charms
  7142 | D:7      | Reached skill level 1 in Invocations
  7197 | D:7      | Reached skill level 1 in Fire Magic
  7204 | D:7      | Found an iron altar of Okawaru.
  7333 | D:7      | Reached skill level 1 in Spellcasting
  7574 | D:7      | Reached skill level 1 in Throwing
  8059 | D:7      | Reached ** piety under Lugonu
  8229 | D:7      | Killed a cyclops
  8230 | D:7      | Reached skill level 13 in Bows
  8230 | D:7      | Reached XP level 10. HP: 42/84 MP: 10/12
  8440 | D:7      | Found a staircase to the Lair.
  9221 | Lair:1   | Entered Level 1 of the Lair of Beasts
  9430 | D:7      | HP: 3/84 [wolf (2)]
  9701 | Lair:1   | Learned a level 1 spell: Animate Skeleton
  9753 | Lair:1   | Noticed a cane toad
  9831 | Lair:1   | Killed a cane toad
  9832 | Lair:1   | Reached skill level 10 in Unarmed Combat
  9966 | Lair:1   | Noticed a cane toad
 10002 | Lair:1   | Killed a cane toad
 10098 | Lair:1   | Reached skill level 1 in Necromancy
 10114 | Lair:1   | Noticed a five-headed hydra
 10148 | Lair:1   | Killed a five-headed hydra
 10206 | Lair:1   | Reached skill level 14 in Bows
 10206 | Lair:1   | Reached XP level 11. HP: 73/90 MP: 15/15
 10236 | Lair:1   | Learned a level 3 spell: Inner Flame
 10625 | Lair:1   | Learned a level 2 spell: Swiftness
 11084 | Lair:2   | Noticed a seven-headed hydra
 11095 | Lair:2   | Killed a seven-headed hydra
 11096 | Lair:2   | Reached skill level 1 in Hexes
 11096 | Lair:2   | Reached skill level 1 in Air Magic
 11111 | Lair:2   | Found a dark tunnel.
 11117 | Volcano  | Entered a volcano
 11182 | Volcano  | Noticed a deep elf mage
 11191 | Volcano  | Killed a deep elf mage
 11255 | Volcano  | Noticed a deep elf mage
 11268 | Volcano  | Killed a deep elf mage
 11346 | Volcano  | Noticed a deep elf mage
 11346 | Volcano  | Noticed a toenail golem
 11346 | Volcano  | Noticed a deep elf mage
 11362 | Lair:2   | Killed a toenail golem
 11463 | Lair:2   | Found a frozen archway.
 11476 | Lair:2   | HP: 4/90 [rime drake (3)]
 11650 | IceCv    | Entered an ice cave
 11967 | IceCv    | Slain by a polar bear

Skill      XL: |  1  2  3  4  5  6  7  8  9 10 11 |
---------------+----------------------------------+-----
Unarmed Combat | 1 2 3 5 6 8 9 10 | 10.9
Bows           | 6 7 9 10 11 13 14 | 14.5
Transmutations | 1 |  1.5
Fighting       | 3 |  3.2
Charms         | 2 3 |  3.5
Invocations    | 2 4 |  4.0
Fire Magic     | 2 3 |  3.3
Spellcasting   | 1 3 4 |  4.0
Throwing       | 2 3 |  3.0
Necromancy     | 1 2 |  2.0
Hexes          | 1 |  1.9
Air Magic      | 1 |  1.9
Dodging        | |  1.3
Stealth        | |  0.5

Action                   |  1- 3 |  4- 6 |  7- 9 | 10-12 || total
-------------------------+-------+-------+-------+-------++-------
Melee: Short sword       |   127 |       |       |       ||   127
       Kick              |    24 |     8 |    86 |    43 ||   161
       Unarmed           |    17 |    57 |   358 |   138 ||   570
       Punch             |     1 |       |     7 |     5 ||    13
 Fire: Shortbow          |     3 |     7 |    77 |   204 ||   291
Throw: Stone             |       |       |    14 |    17 ||    31
       Javelin           |       |       |     3 |     4 ||     7
 Cast: Flaming Arrows    |       |       |       |    18 ||    18
       Animate Skeleton  |       |       |       |     1 ||     1
Invok: Bend Space        |       |       |     1 |     2 ||     3
       Banish            |       |       |       |     1 ||     1
  Use: Scroll            |     1 |       |     3 |     2 ||     6
       Potion            |       |     7 |     5 |     1 ||    13
  Eat: Ration            |     1 |     1 |     6 |     5 ||    13
Armor: Leather armour    |    10 |       |       |       ||    10
       Ring mail         |    29 |    18 |   131 |    39 ||   217
       Skin              |       |     5 |     2 |       ||     7
       Robe              |       |       |       |    17 ||    17
Dodge: Dodged            |    57 |    12 |   112 |    84 ||   265
